 Dungeon Sprint DCSS version 0.22.1-1-ga44c0e5 (webtiles) character file.

2100000 doot the Slayer (level 17, -50/185 HPs)
             Began as a Ghoul Warper on Oct 17, 2018.
             Was a Priest of Makhleb.
             Annihilated by a meat berserker
             ... wielding a +9 battleaxe
              (63 damage)
             ... in the Dungeon (Sprint VIII: "Arena of Blood").
             The game lasted 00:00:39 (21 turns).

doot the Slayer (Ghoul Warper)                        Turns: 21, Time: 00:00:40

Health: -50/185    AC:  4    Str: 17    XL:     17   Next: 43%
Magic:  6/42       EV: 25    Int:  8    God:    Makhleb [***...]
Gold:   0          SH:  0    Dex: 13    Spells: 61/61 levels left

rFire    . . .     SeeInvis .     - Unarmed
rCold    + . .     Gourm    .   (no shield)
rNeg     + + +     Faith    .   a - +0 leather armour
rPois    ∞         Spirit   .   (no helmet)
rElec    .         Reflect  .   (no cloak)
rCorr    .         Harm     .   (no gloves)
MR       +....     NoTele   +   (no boots)
Stlth    +.........             (no amulet)
HPRegen  0.00/turn              (no ring)
MPRegen  0.28/turn              (no ring)

@: rotting
A: rotting body, claws 1, carnivore, cold resistance 1, negative energy
resistance 3, inhibited regeneration, torment resistance, unbreathing
a: Minor Destruction, Lesser Servant of Makhleb, Renounce Religion


You were in the Dungeon.
You worshipped Makhleb.
Makhleb was most pleased with you.
You were not hungry.

You visited 1 branch

Inventory:

Missiles
 d - 5 tomahawks of dispersal (quivered)
Armour
 a - a +0 leather armour (worn)
Scrolls
 c - 2 scrolls of blinking
Potions
 e - a potion of curing
 g - a potion of heal wounds
 h - a potion of haste
 i - 2 potions of magic
 j - a potion of berserk rage
Comestibles
 f - a ration


   Skills:
 + Level 25.3 Fighting
   Level 14.3 Axes
 + Level 8.9 Throwing
 + Level 8.3 Armour
 + Level 21.2 Dodging
 + Level 23.4 Unarmed Combat
 + Level 22.5 Spellcasting
   Level 2.6 Translocations


You had 61 spell levels left.
You didn't know any spells.
Your spell library contained the following spells:

 Spells                   Type           Power        Failure   Level  Hunger
 Blink                    Tloc           N/A          2%          2    None
 Shroud of Golubria       Chrm/Tloc      ##........   4%          2    None
 Gell's Gravitas          Tloc           ##........   4%          3    None
 Lesser Beckoning         Tloc           ##........   4%          3    None
 Teleport Other           Tloc           ##......     4%          3    None
 Passage of Golubria      Tloc           N/A          17%         4    ###....


Dungeon Overview and Level Annotations

Branches:
Dungeon (1/1)

Altars:
Makhleb


Innate Abilities, Weirdness & Mutations

Your body is rotting away.
You thrive on raw meat.
You are immune to poison.
You have sharp fingernails.
You are carnivorous and can eat meat at any time.
Your flesh is cold resistant. (rC+)
You are immune to negative energy. (rN+++)
You do not regenerate when monsters are visible.
You are immune to unholy pain and torment.
You can survive without breathing.


Message History

* * * LOW HITPOINT WARNING * * *
You hear a shout!
The meat berserker hits you with a +9 battleaxe!!
* * * LOW HITPOINT WARNING * * *
You hear a shout!
The bag of meat hits you with a +9 war axe!!
* * * LOW HITPOINT WARNING * * *
You hear a shout!
Unknown command.
Unknown command.
Unknown command.
Okay, then.
Wield which item (- for none, * to show all)? (? for menu, Esc to quit)
Okay, then.
Unknown command.
Unknown command.
You eviscerate the meat berserker!!!
The meat berserker is lightly wounded.
The meat berserker hits you with a +9 battleaxe!!!
You die...

.o.........
...........
...o.....o
#....O..# .
#....oo.# ...
.###....oo.###....
......###o).......
......_)Oo.......
..#...o@#.......
#_.<)O#.......
#.....#......#
......_..........
......###.........
.###.. ...###....
#.. ...# .... #.
...# .. .....


You could see a large bag of meat (inner flame), 2 meat berserkers and 8 bags of
meat.

Vanquished Creatures
  3 ogres (D)
  5 orcs (D)
8 creatures vanquished.

Notes
Turn   | Place    | Note
-------+----------+-------------------------------------------
     0 | D        | Found the +∞ Axe of Woe
     0 | D        | doot the Ghoul Warper began the quest for the Orb.
     0 | D        | Reached XP level 1. HP: 17/17 MP: 2/2
     3 | D        | Noticed a bag of meat
     4 | D        | Became a worshipper of Makhleb the Destroyer
     5 | D        | Noticed a bag of meat
     8 | D        | Killed a bag of meat
     8 | D        | Reached skill level 14 in Fighting
     8 | D        | Reached XP level 2. HP: 47/47 MP: 2/15
     8 | D        | Reached XP level 3. HP: 53/53 MP: 2/16
     8 | D        | Reached XP level 4. HP: 61/61 MP: 2/18
     8 | D        | Reached XP level 5. HP: 68/68 MP: 2/19
     8 | D        | Reached XP level 6. HP: 75/75 MP: 2/21
     8 | D        | Reached XP level 7. HP: 82/82 MP: 2/22
     8 | D        | Reached XP level 8. HP: 90/90 MP: 2/24
     8 | D        | Reached XP level 9. HP: 96/96 MP: 2/25
     8 | D        | Reached XP level 10. HP: 104/104 MP: 2/26
     8 | D        | Reached XP level 11. HP: 111/111 MP: 2/27
     8 | D        | Reached XP level 12. HP: 118/118 MP: 2/28
     8 | D        | Noticed a meat berserker
     8 | D        | Noticed a bag of meat
     9 | D        | Killed a bag of meat
     9 | D        | Reached * piety under Makhleb
     9 | D        | Reached skill level 16 in Fighting
     9 | D        | Reached skill level 5 in Throwing
     9 | D        | Reached skill level 5 in Armour
     9 | D        | Reached skill level 15 in Spellcasting
     9 | D        | Reached XP level 13. HP: 130/130 MP: 2/31
    10 | D        | Noticed a bag of meat
    10 | D        | Noticed a meat berserker
    10 | D        | Noticed a bag of meat
    11 | D        | Killed a meat berserker
    11 | D        | Reached skill level 19 in Fighting
    11 | D        | Reached XP level 14. HP: 129/146 MP: 3/34
    11 | D        | Noticed a meat berserker
    11 | D        | Noticed a bag of meat
    11 | D        | Noticed a bag of meat
    12 | D        | Killed a meat berserker
    12 | D        | Reached skill level 21 in Fighting
    12 | D        | Reached skill level 10 in Axes
    12 | D        | Reached XP level 15. HP: 139/158 MP: 3/37
    12 | D        | Noticed a meat berserker
    13 | D        | Reached ** piety under Makhleb
    13 | D        | Reached skill level 22 in Fighting
    13 | D        | Reached XP level 16. HP: 77/169 MP: 3/39
    13 | D        | Noticed a large bag of meat
    15 | D        | Noticed a meat berserker
    16 | D        | Killed a meat berserker
    16 | D        | Reached skill level 24 in Fighting
    16 | D        | Reached XP level 17. HP: 183/183 MP: 4/42
    16 | D        | Reached *** piety under Makhleb
    16 | D        | Reached skill level 25 in Fighting
    21 | D        | Annihilated by a meat berserker

Skill      XL: |  1  2  3  4  5  6  7  8  9 10 11 12 13 14 15 16 17 |
---------------+----------------------------------------------------+-----
Fighting       | 14 16 19 21 22 24 25 | 25.3
Axes           | 4 6 8 10 11 13 14 | 14.3
Throwing       | 4 5 6 7 8 |  8.9
Armour         | 4 5 6 7 8 |  8.3
Dodging        | 12 14 16 18 20 21 | 21.2
Unarmed Combat | 14 16 18 20 21 22 23 | 23.4
Spellcasting   | 13 15 17 19 20 22 | 22.5
Translocations | |  2.6

Action                   |  1- 3 |  4- 6 |  7- 9 | 10-12 | 13-15 | 16-18 || total
-------------------------+-------+-------+-------+-------+-------+-------++-------
Melee: Executioner's axe |     1 |       |       |     1 |     3 |     1 ||     6
       Unarmed           |       |       |       |       |       |     4 ||     4
       Punch             |       |       |       |       |       |     2 ||     2
Dodge: Dodged            |       |       |       |       |     1 |     1 ||     2
